AoeStats
← norf182

Arabia

506722744Analyzed
2v2 RM · 18d ago on Sep 14, 2026· 111m 40s· 4 players
Game mode
Random Map
Map size
Medium (4 player)
Population
200
Speed
Normal
Resources
Standard
Victory
Conquest
Starting age
Dark Age
Ending age
Imperial Age
RankedLock teamsTeams togetherTeam positionsShared explorationLock speedFull tech treeHidden civsTurbo modeCheats
Victory
Defeat
🇫🇷 Mongols · France
1077
+17
🇨🇴 Goths · Colombia
1024
+19
1097
-18
🇧🇷 Britons · Brazil
1083
-18
norf182
2:21 Loom
10:34 Feudal Age
10:38 Man-at-Arms
13:17 Forging
14:05 Scale Mail Armor
19:59 Horse Collar
23:58 Castle Age
22:16 Gold Mining
24:14 Long Swordsman
24:58 Squires
25:02 Town Watch
27:23 Chain Mail Armor
31:53 Iron Casting
32:02 Pikeman
33:15 Fletching
47:49 Imperial Age
45:57 Wheelbarrow
47:44 Bodkin Arrow
48:26 Anarchy
48:31 Perfusion
48:52 Conscription
48:03 Halberdier
48:32 Capped Ram
51:39 Blast Furnace
50:04 Two-Handed Swordsman
51:13 Champion
55:52 Elite Huskarl
58:08 Anarchy
65:12 Double-Bit Axe
67:42 Elite Skirmisher
69:36 Padded Archer Armor
71:18 Bracer
73:16 Leather Archer Armor
74:05 Bow Saw
81:49 Two-Man Saw
81:01 Stone Mining
84:32 Hand Cart
88:10 Caravan
90:53 Stone Shaft Mining
90:31 Heavy Plow
91:20 Scale Barding Armor
98:58 Ring Archer Armor
98:54 Ballistics
99:35 Chemistry
98:31 Murder Holes
Romero
4:22 Loom
9:23 Feudal Age
9:57 Double-Bit Axe
10:05 Horse Collar
15:53 Bloodlines
16:44 Scale Barding Armor
17:47 Forging
19:35 Fletching
23:14 Castle Age
23:16 Elite Skirmisher
23:53 Bodkin Arrow
24:09 Bow Saw
23:36 Light Cavalry
26:03 Padded Archer Armor
28:35 Heavy Plow
40:30 Imperial Age
38:22 Thumb Ring
40:18 Leather Archer Armor
42:52 Wheelbarrow
45:46 Hand Cart
45:12 Hussar
45:48 Onager
51:01 Ballistics
51:03 Siege Engineers
52:36 Bracer
58:45 Masonry
63:31 Chain Barding Armor
63:43 Husbandry
64:21 Iron Casting
63:56 Capped Ram
64:38 Scale Mail Armor
65:59 Pikeman
67:42 Blast Furnace
67:12 Squires
67:30 Chain Mail Armor
68:42 Elite Mangudai
72:07 Plate Mail Armor
75:00 Hussar
78:23 Town Watch
79:15 Nomads
79:36 Drill
85:09 Parthian Tactics
85:07 Conscription
87:02 Siege Ram
93:17 Siege Onager
110:53 Coinage
Moonblood
10:20 Feudal Age
10:38 Loom
11:43 Double-Bit Axe
11:46 Horse Collar
17:12 Fletching
26:14 Castle Age
26:16 Crossbowman
26:56 Bodkin Arrow
28:24 Ballistics
29:20 Bow Saw
29:04 Gold Mining
42:52 Imperial Age
42:57 Padded Archer Armor
43:46 Yeomen
45:08 Chemistry
44:11 Bracer
43:44 Arbalester
45:50 Warwolf
63:41 Light Cavalry
64:23 Husbandry
64:37 Forging
64:33 Scale Barding Armor
Metamorfose AMBULANTE
8:10 Loom
10:02 Feudal Age
13:17 Bloodlines
14:42 Forging
21:08 Double-Bit Axe
25:55 Castle Age
25:39 Horse Collar
26:14 Scale Barding Armor
26:44 Husbandry
29:47 Wheelbarrow
29:04 Gold Mining
34:07 Iron Casting
40:55 Hand Cart
41:05 Bow Saw
41:03 Man-at-Arms
44:33 Imperial Age
43:51 Stone Mining
45:03 Murder Holes
45:31 Ballistics
45:26 Hill Forts
45:47 Conscription
44:50 Elite Leitis
50:34 Two-Man Saw
50:51 Chain Barding Armor
51:02 Cavalier
52:43 Paladin
59:21 Chemistry
66:16 Light Cavalry
67:21 Winged Hussar
79:10 Man-at-Arms
80:53 Thumb Ring
82:18 Hoardings
81:49 Heavy Plow
81:32 Treadmill Crane
87:00 Stone Shaft Mining
86:46 Masonry
94:14 Fortified Wall
101:23 Tower Shields
104:06 Elite Skirmisher
104:48 Fletching
Connection lost

Rejoining the realm…

Still unreachable

The connection could not be restored.

Session expired

The server has moved on; the page needs a fresh start.